3AA
GLENDALE HERONS @ BELVEDERE PARK RAWHIDES
08/21/2029
 
TOP OF THE 1ST
Glendale Herons batting - Pitching for Belvedere Park Rawhides : LHP Katsumoto Miyanohara
Pitching: LHP Katsumoto Miyanohara
Batting: RHB Luis Trevino 0-0: Ball
1-0: Ball
2-0: SINGLE (Line Drive, 4M)
Batting: RHB Restin P. Surambe 0-0: Ball
1-0: Ball
2-0: Ball
3-0: Base on Balls
Luis Trevino to second
Batting: RHB Ellis Greenham 0-0: Called Strike
0-1: Swinging Strike
0-2: Ball
1-2: Ball
2-2: Ball
3-2: Fly out, F7 (Flyball, 78M)
Batting: SHB Yun-qi Chien 0-0: Called Strike
Restin P. Surambe steals 2nd base
Luis Trevino to third
0-1: Ground out 6-3 (Groundball, 6)
Luis Trevino scores
Batting: RHB Francisco Guerra 0-0: Swinging Strike
0-1: Foul Ball, location: 2F
0-2: Ball
1-2: Foul Ball, location: 2F
1-2: Ball
2-2: Foul Ball, location: 2F
2-2: Foul Ball, location: 2F
2-2: Ball
3-2: Base on Balls
Batting: LHB Jin-song Seah 0-0: Ball
1-0: Ball
2-0: Foul Ball, location: 2F
2-1: SINGLE (Line Drive, 8LS)
Restin P. Surambe to third
Francisco Guerra to second
Batting: RHB Michael Sweeney 0-0: Called Strike
0-1: Ball
1-1: Swinging Strike
1-2: Strikes out swinging
Top of the 1st over - 1 run, 2 hits, 0 errors, 3 left on base; Glendale 1 - Belvedere Park 0
BOTTOM OF THE 1ST
Belvedere Park Rawhides batting - Pitching for Glendale Herons : LHP Yoriyoshi Yoshimura
Pitching: LHP Yoriyoshi Yoshimura
Batting: RHB Kevin Johnson 0-0: Called Strike
0-1: Swinging Strike
0-2: Ball
1-2: Ball
2-2: Foul Ball, location: 2F
2-2: Strikes out looking
Batting: RHB Jody Bennett 0-0: Called Strike
0-1: Ball
1-1: Called Strike
1-2: Foul Ball, location: 2F
1-2: Ball
2-2: Ball
3-2: Foul Ball, location: 2F
3-2: Ground out U3 (Groundball, 34)
Batting: RHB Jaime Cruz 0-0: Called Strike
0-1: Ball
1-1: Foul Ball, location: 2F
1-2: Foul Ball, location: 2F
1-2: Strikes out swinging
Bottom of the 1st over - 0 runs, 0 hits, 0 errors, 0 left on base; Glendale 1 - Belvedere Park 0
TOP OF THE 2ND
Glendale Herons batting - Pitching for Belvedere Park Rawhides : LHP Katsumoto Miyanohara
Batting: RHB Hatui Haunani 0-0: Called Strike
0-1: Ball
1-1: Ball
2-1: Ground out 5-3 (Groundball, 56S)
Batting: LHB Xu Cheng 0-0: SOLO HOME RUN (Flyball, 9LD), Distance : 353 ft
Batting: RHB Luis Trevino 0-0: Ball
1-0: Ball
2-0: Called Strike
2-1: Ground out 5-3 (Groundball, 56S)
Batting: RHB Restin P. Surambe 0-0: Called Strike
0-1: Called Strike
0-2: Ground out 6-3 (Groundball, 6)
Top of the 2nd over - 1 run, 1 hit, 0 errors, 0 left on base; Glendale 2 - Belvedere Park 0
BOTTOM OF THE 2ND
Belvedere Park Rawhides batting - Pitching for Glendale Herons : LHP Yoriyoshi Yoshimura
Batting: RHB Juan Chávez 0-0: Ball
1-0: SINGLE (Groundball, 56D)
Batting: RHB Jorge Alcantar 0-0: Ball
1-0: Ball
2-0: Called Strike
2-1: Ball
3-1: Base on Balls
Juan Chávez to second
Batting: RHB Jesús Calderón 0-0: Called Strike
0-1: Ball
1-1: Ball
2-1: Foul Ball, location: 2F
2-2: Ball
3-2: Foul Ball, location: 2F
3-2: Base on Balls
Juan Chávez to third
Jorge Alcantar to second
Batting: RHB Ken Burton 0-0: Called Strike
0-1: Called Strike
0-2: Grounds into fielders choice 1-2 (Groundball, P)
Jorge Alcantar to third
Jesús Calderón to second
Batting: RHB Harry Gibson 0-0: Grounds into double play, 5-4-3 (Groundball, 56)
Bottom of the 2nd over - 0 runs, 1 hit, 0 errors, 2 left on base; Glendale 2 - Belvedere Park 0
TOP OF THE 3RD
Glendale Herons batting - Pitching for Belvedere Park Rawhides : LHP Katsumoto Miyanohara
Batting: RHB Ellis Greenham 0-0: Swinging Strike
0-1: Ball
1-1: Foul Ball, location: 2F
1-2: Ball
2-2: SOLO HOME RUN (Flyball, 7LD), Distance : 373 ft
Batting: SHB Yun-qi Chien 0-0: Ball
1-0: Ball
2-0: Ball
3-0: Called Strike
3-1: Base on Balls
Batting: RHB Francisco Guerra 0-0: Ball
1-0: Ball
2-0: Grounds into double play, 6-4-3 (Groundball, 6)
Batting: LHB Jin-song Seah 0-0: Fly out, F9 (Flyball, 9LSF)
Top of the 3rd over - 1 run, 1 hit, 0 errors, 0 left on base; Glendale 3 - Belvedere Park 0
BOTTOM OF THE 3RD
Belvedere Park Rawhides batting - Pitching for Glendale Herons : LHP Yoriyoshi Yoshimura
Batting: RHB Ed Jozwiak 0-0: Ball
1-0: Ground out 4-3 (Groundball, 4)
Batting: RHB Kevin Johnson 0-0: Ball
1-0: Fly out, F4 (Line Drive, 4)
Batting: RHB Jody Bennett 0-0: Swinging Strike
0-1: Ball
1-1: Ball
2-1: Ball
3-1: Base on Balls
Batting: RHB Jaime Cruz 0-0: Ball
1-0: SINGLE (Line Drive, 7LM)
Jody Bennett to second
Batting: RHB Juan Chávez 0-0: Ball
1-0: Ball
2-0: Called Strike
2-1: Swinging Strike
2-2: Foul Ball, location: 2F
2-2: Ball
3-2: Foul Ball, location: 2F
3-2: Base on Balls
Jody Bennett to third
Jaime Cruz to second
Batting: RHB Jorge Alcantar 0-0: Ball
1-0: Ball
2-0: Fielders Choice at 2nd, 5-4 (Groundball, 56)
Bottom of the 3rd over - 0 runs, 1 hit, 0 errors, 3 left on base; Glendale 3 - Belvedere Park 0
TOP OF THE 4TH
Glendale Herons batting - Pitching for Belvedere Park Rawhides : LHP Katsumoto Miyanohara
Batting: RHB Michael Sweeney 0-0: Ground out 2-3 (Groundball, 15S)
Batting: RHB Hatui Haunani 0-0: Ball
1-0: SINGLE (Groundball, 6MD)
Batting: LHB Xu Cheng 0-0: Called Strike
0-1: Ball
1-1: Foul Ball, location: 2F
1-2: Fly out, F3 (Line Drive, 3S)
Batting: RHB Luis Trevino 0-0: Called Strike
0-1: Ball
1-1: Ground out 6-3 (Groundball, 56)
Top of the 4th over - 0 runs, 1 hit, 0 errors, 1 left on base; Glendale 3 - Belvedere Park 0
BOTTOM OF THE 4TH
Belvedere Park Rawhides batting - Pitching for Glendale Herons : LHP Yoriyoshi Yoshimura
Batting: RHB Jesús Calderón 0-0: Ball
1-0: Ground out 6-3 (Groundball, 6)
Batting: RHB Ken Burton 0-0: Ball
1-0: Ball
2-0: Ground out 6-3 (Groundball, 6)
Batting: RHB Harry Gibson 0-0: Called Strike
0-1: Swinging Strike
0-2: SINGLE (Groundball, 34S) (infield hit)
Batting: RHB Ed Jozwiak 0-0: Ball
1-0: Ball
2-0: Fielders Choice at 2nd, 6-4 (Groundball, 56)
Bottom of the 4th over - 0 runs, 1 hit, 0 errors, 1 left on base; Glendale 3 - Belvedere Park 0
TOP OF THE 5TH
Glendale Herons batting - Pitching for Belvedere Park Rawhides : LHP Katsumoto Miyanohara
Batting: RHB Restin P. Surambe 0-0: Called Strike
0-1: Ground out 6-3 (Groundball, 6M)
Batting: RHB Ellis Greenham 0-0: Called Strike
0-1: Ball
1-1: Fly out, F9 (Flyball, 9LSF)
Batting: SHB Yun-qi Chien 0-0: Reached on error, E3 (Groundball, 34S)
Batting: RHB Francisco Guerra 0-0: Ball
1-0: Ball
2-0: DOUBLE (Line Drive, 78XD)
Yun-qi Chien scores
Batting: LHB Jin-song Seah 0-0: Called Strike
0-1: Fly out, F8 (Flyball, 8LD)
Top of the 5th over - 1 run, 1 hit, 1 error, 1 left on base; Glendale 4 - Belvedere Park 0
BOTTOM OF THE 5TH
Belvedere Park Rawhides batting - Pitching for Glendale Herons : LHP Yoriyoshi Yoshimura
Batting: RHB Kevin Johnson 0-0: Called Strike
0-1: Ball
1-1: Ball
2-1: Ball
3-1: Foul Ball, location: 2F
3-2: Base on Balls
Batting: RHB Jody Bennett 0-0: Ball
Kevin Johnson steals 2nd base
1-0: Foul Ball, location: 2F
1-1: Ball
2-1: Called Strike
Kevin Johnson steals 3rd base
2-2: Fly out, F9 (Flyball, 9S)
Pitching: RHP David Davis
Batting: RHB Jaime Cruz 0-0: Called Strike
0-1: Ball
1-1: Fly out, F6 (Line Drive, 6M)
Batting: RHB Juan Chávez 0-0: Called Strike
0-1: Swinging Strike
0-2: Fly out, F7 (Flyball, 7)
Bottom of the 5th over - 0 runs, 0 hits, 0 errors, 1 left on base; Glendale 4 - Belvedere Park 0
TOP OF THE 6TH
Glendale Herons batting - Pitching for Belvedere Park Rawhides : LHP Katsumoto Miyanohara
Batting: RHB Michael Sweeney 0-0: Called Strike
0-1: Ball
1-1: Called Strike
1-2: Ball
2-2: Reached on error, E3 (Popup, 3S)
Batting: RHB Hatui Haunani 0-0: Called Strike
0-1: Ball
1-1: Ground out U3 (Groundball, 34S)
Michael Sweeney to second
Batting: LHB Xu Cheng 0-0: Called Strike
0-1: Ground out 5-3 (Groundball, 5)
Batting: RHB Luis Trevino 0-0: Ball
1-0: Ball
2-0: Ball
3-0: Called Strike
3-1: Base on Balls
Pitching: RHP Arturio Sandolva
Batting: RHB Restin P. Surambe 0-0: Ball
1-0: Called Strike
1-1: Ball
2-1: Foul Ball, location: 2F
2-2: SINGLE (Line Drive, 56D)
Michael Sweeney to third
Luis Trevino to second
Runner from 3rd tries for Home, SAFE, no throw
Batting: RHB Ellis Greenham 0-0: Ball
1-0: Ball
2-0: Foul Ball, location: 2F
2-1: Ball
3-1: Base on Balls
Luis Trevino to third
Restin P. Surambe to second
Batting: SHB Yun-qi Chien 0-0: Called Strike
0-1: Called Strike
0-2: Strikes out swinging
Top of the 6th over - 1 run, 1 hit, 1 error, 3 left on base; Glendale 5 - Belvedere Park 0
BOTTOM OF THE 6TH
Belvedere Park Rawhides batting - Pitching for Glendale Herons : RHP David Davis
Batting: RHB Jorge Alcantar 0-0: Ball
1-0: Fly out, F9 (Flyball, 9LS)
Batting: RHB Jesús Calderón 0-0: Ground out 6-3 (Groundball, 6)
Batting: RHB Ken Burton 0-0: Ball
1-0: Called Strike
1-1: Foul Ball, location: 2F
1-2: Foul Ball, location: 2F
1-2: Fly out, F5 (Line Drive, 5L)
Bottom of the 6th over - 0 runs, 0 hits, 0 errors, 0 left on base; Glendale 5 - Belvedere Park 0
TOP OF THE 7TH
Glendale Herons batting - Pitching for Belvedere Park Rawhides : RHP Arturio Sandolva
Batting: RHB Francisco Guerra 0-0: Ball
1-0: Foul Ball, location: 2F
1-1: Ball
2-1: Ground out 4-3 (Groundball, 34)
Batting: LHB Jin-song Seah 0-0: Called Strike
0-1: Ground out 4-3 (Groundball, 34D)
Batting: RHB Michael Sweeney 0-0: Ball
1-0: Fly out, F8 (Flyball, 8RXD)
Top of the 7th over - 0 runs, 0 hits, 0 errors, 0 left on base; Glendale 5 - Belvedere Park 0
BOTTOM OF THE 7TH
Belvedere Park Rawhides batting - Pitching for Glendale Herons : RHP David Davis
Batting: RHB Harry Gibson 0-0: Ground out 5-3 (Groundball, 56)
Batting: RHB Ed Jozwiak 0-0: SINGLE (Groundball, 56D)
Batting: RHB Kevin Johnson 0-0: Called Strike
0-1: Fielders Choice at 2nd, 4-6 (Groundball, 34)
Batting: RHB Jody Bennett 0-0: Called Strike
0-1: Ball
1-1: Ball
2-1: Ground out 5-3 (Groundball, 56S)
Bottom of the 7th over - 0 runs, 1 hit, 0 errors, 1 left on base; Glendale 5 - Belvedere Park 0
TOP OF THE 8TH
Glendale Herons batting - Pitching for Belvedere Park Rawhides : RHP Arturio Sandolva
Batting: RHB Hatui Haunani 0-0: Ball
1-0: Swinging Strike
1-1: Ball
2-1: Foul Ball, location: 2F
2-2: Strikes out swinging
Batting: LHB Xu Cheng 0-0: Ball
1-0: Swinging Strike
1-1: Called Strike
1-2: Strikes out swinging
Batting: RHB Luis Trevino 0-0: Ball
1-0: Called Strike
1-1: Ball
2-1: Ball
3-1: Base on Balls
Batting: RHB Restin P. Surambe 0-0: Ball
1-0: Ball
Luis Trevino steals 2nd base
2-0: Called Strike
2-1: Ball
3-1: Called Strike
3-2: Foul Ball, location: 2F
3-2: Foul Ball, location: 2F
3-2: Strikes out swinging
Top of the 8th over - 0 runs, 0 hits, 0 errors, 1 left on base; Glendale 5 - Belvedere Park 0
BOTTOM OF THE 8TH
Belvedere Park Rawhides batting - Pitching for Glendale Herons : RHP David Davis
Now at C: Santiago Ramos
Batting: RHB Jaime Cruz 0-0: Fly out, F9 (Flyball, 89M)
Batting: RHB Juan Chávez 0-0: SINGLE (Groundball, 6D)
Batting: RHB Jorge Alcantar 0-0: Called Strike
0-1: Ball
1-1: Ball
2-1: 2-RUN HOME RUN (Flyball, 7LD), Distance : 371 ft
Pitching: RHP Víctor Torres
Batting: RHB Jesús Calderón 0-0: Ball
1-0: Ball
2-0: Ball
3-0: Foul Ball, location: 2F
3-1: Base on Balls
Batting: RHB Ken Burton 0-0: Swinging Strike
0-1: Ball
1-1: Swinging Strike
1-2: Grounds into double play, 6-4-3 (Groundball, 6)
Bottom of the 8th over - 2 runs, 2 hits, 0 errors, 0 left on base; Glendale 5 - Belvedere Park 2
TOP OF THE 9TH
Glendale Herons batting - Pitching for Belvedere Park Rawhides : RHP Arturio Sandolva
Batting: RHB Ellis Greenham 0-0: Ground out 5-3 (Groundball, 56S)
Batting: SHB Yun-qi Chien 0-0: Foul Ball, location: 2F
0-1: Ball
1-1: Ground out U3 (Groundball, 3L)
Batting: RHB Francisco Guerra 0-0: Ball
1-0: Called Strike
1-1: Foul Ball, location: 2F
1-2: Ball
2-2: Ball
3-2: Ground out 5-3 (Groundball, 56)
Top of the 9th over - 0 runs, 0 hits, 0 errors, 0 left on base; Glendale 5 - Belvedere Park 2
BOTTOM OF THE 9TH
Belvedere Park Rawhides batting - Pitching for Glendale Herons : RHP Víctor Torres
Batting: RHB Harry Gibson 0-0: Ball
1-0: Fly out, F5 (Popup, 5DF)
Batting: RHB Ed Jozwiak 0-0: Swinging Strike
0-1: Ball
1-1: Ball
2-1: Ball
3-1: Fly out, F7 (Line Drive, 7)
Batting: RHB Kevin Johnson 0-0: Ball
1-0: Ball
2-0: Ball
3-0: Called Strike
3-1: Called Strike
3-2: Ground out 6-3 (Groundball, 6)
Bottom of the 9th over - 0 runs, 0 hits, 0 errors, 0 left on base; Glendale 5 - Belvedere Park 2
Tuesday, December 19th, 2017 - OOTP Baseball 18.8 Build 76